cohdb
Replays
Latest Replays
All Replays
Popular Replays
Top Player Replays
Match Explorer
How It Works
Community
CoH3 Stats
Reddit
Sign in to upload your games and track your stats! →
Sign in with Steam
Match 46756531
Unlisted
Match 46756531
Overview
Messages
Build Orders
End
Kettenkrad Recon Vehicle
Selects Breakthrough Battlegroup
Selects Assault Grenadiers
Construct Infanterie Kompanie
MG 42 Machine Gun Team
MG 42 Machine Gun Team
Grenadier Squad
Construct Luftwaffe Kompanie
Medical Station
Selects Smoke Bombing Run
Jäger Squad
Infanterie Officer Quarters
Luftwaffe Officer Quarters
Selects Rapid Production
Smoke Bombing Run
Jäger Squad
Selects Incendiary Bombing Run
Incendiary Bombing Run
Construct Panzer Kompanie
GrW 34 Mortar Team
Incendiary Bombing Run
Panzer IV Medium Tank
Panzer Officer Quarters
Incendiary Bombing Run
Smoke Bombing Run
Stoßtruppen Squad
Stoßtruppen Squad
Incendiary Bombing Run
Incendiary Bombing Run
Selects Blitzkrieg
Selects Tiger Heavy Tank
Stoßtruppen Squad
Stoßtruppen Squad
Smoke Bombing Run
Lobby Lobster
Blackwing7777
adept
Incitatus
Don Pitudo
Riskit4theBiskit
0
0
Comments
sign in to comment!
No comments posted yet!